 Dungeon Crawl Stone Soup version 0.29.1-1-gd02db69 (webtiles) character file.

Game seed: 9687467833251404705

27519 mallonox the Warrior (level 13, -6/128 HPs)
             Began as a Minotaur Berserker on Dec 21, 2022.
             Was an Elder of Trog.
             Mangled by a +4 long sword (9 damage)
             ... on level 13 of the Dungeon.
             The game lasted 00:57:36 (14987 turns).

mallonox the Warrior (Minotaur Berserker)          Turns: 14987, Time: 00:57:37

Health: -6/128     AC: 20    Str: 29    XL:     13   Next: 4%
Magic:  12/12      EV: 16    Int:  7    God:    Trog [****..]
Gold:   563        SH: 15    Dex: 20    Spells: 12/12 levels left

rFire   + + .      SeeInvis .   O - +1 trident of Internal Strife {vorpal, Dex+8}
rCold   + + .      Faith    .   Y - +6 kite shield of Dogmatism {Contam rF+ rC+ Will+ Dex+2}
rNeg    + . .      Spirit   .   F - +4 scale mail {rC+}
rPois   +          Reflect  .   T - +2 hat
rElec   .          Harm     .   E - +1 cloak {rPois}
rCorr   .          Rampage  .   y - +0 pair of gloves
Will    ++++.                   s - +0 pair of boots
Stlth   ..........              m - amulet of regeneration
HPRegen 2.11/turn               q - ring of positive energy
MPRegen 0.13/turn               V - ring "Owkets" {rF+ Will+ Str+2 Int+3}

@: strong-willed, on berserk cooldown, regenerating
A: horns 2, retaliatory headbutt
a: Renounce Religion, Berserk, Trog's Hand, Brothers in Arms


You were on level 13 of the Dungeon.
You worshipped Trog.
Trog was greatly pleased with you.
You visited 1 branch of the dungeon, and saw 14 of its levels.
You also visited: Gauntlet.

You collected 998 gold pieces.
You spent 435 gold pieces at shops.

Inventory:

Hand Weapons
 d - a +2 spear of venom
 K - a +2 vampiric trident
 O - the +1 trident of Internal Strife (weapon) {vorpal, Dex+8}
   (You found it in a Gauntlet)

   It inflicts extra damage upon your enemies.
   Dex:       It affects your dexterity (+8).
 W - the +2 glaive of Nuoll {drain, *Slow rN+ Int+7}
   (You took it off a minotaur in a Gauntlet)

   A truly terrible weapon, it drains the life of any living foe it strikes.
   Int:       It affects your intelligence (+7).
   rN:        It protects you from negative energy.
   *Slow:     It may slow you when you take damage.
Missiles
 S - 3 throwing nets (quivered)
Armour
 n - a scarf of invisibility
 s - a +0 pair of boots (worn)
 y - a +0 pair of gloves (worn)
 E - a +1 cloak of poison resistance (worn)
 F - a +4 scale mail of cold resistance (worn)
 P - +0 acid dragon scales
 T - a +2 hat (worn)
 Y - the +6 kite shield of Dogmatism (worn) {Contam rF+ rC+ Will+ Dex+2}
   (You found it in a Gauntlet)

   Dex:       It affects your dexterity (+2).
   rF:        It protects you from fire.
   rC:        It protects you from cold.
   Contam:    It causes magical contamination when unequipped.
   Will:      It increases your willpower.
 Z - the +3 ring mail "Zaomef" {Fly Will+ Str+3}
   (You found it in a Gauntlet)

   Str:       It affects your strength (+3).
   Fly:       It grants you flight.
   Will:      It increases your willpower.
Jewellery
 h - a +4 ring of evasion
 m - an amulet of regeneration (around neck)
 q - a ring of positive energy (left hand)
 N - a ring of ice
 V - the ring "Owkets" (right hand) {rF+ Will+ Str+2 Int+3}
   (You took it off a minotaur in a Gauntlet)

   [ring of protection from fire]

   Str:       It affects your strength (+2).
   Int:       It affects your intelligence (+3).
   rF:        It protects you from fire.
   Will:      It increases your willpower.
Scrolls
 a - a scroll of fear {unknown}
 b - 4 scrolls of butterflies {unknown}
 c - 3 scrolls of magic mapping {unknown}
 e - 2 scrolls of acquirement {unknown}
 f - 2 scrolls of noise {unknown}
 k - 9 scrolls of teleportation
 o - a scroll of enchant weapon {unknown}
 u - a scroll of amnesia {unknown}
 v - a scroll of summoning {unknown}
 A - 4 scrolls of poison {unknown}
 G - a scroll of vulnerability {unknown}
 I - 3 scrolls of enchant armour {unknown}
 J - 2 scrolls of blinking {unknown}
 Q - a scroll of brand weapon {unknown}
 R - a scroll of silence {unknown}
Potions
 g - 3 potions of lignification {unknown}
 j - 5 potions of mutation
 l - 4 potions of resistance
 p - 2 potions of invisibility
 r - 7 potions of curing
 t - 2 potions of flight {unknown}
 w - 8 potions of heal wounds
 x - 3 potions of haste {unknown}
 z - 3 potions of ambrosia
 B - 3 potions of cancellation {unknown}
 D - 2 potions of attraction {unknown}
 H - 2 potions of berserk rage {unknown}


   Skills:
 + Level 15.7 Fighting
 - Level 14.0 Polearms
 + Level 11.7 Armour
 + Level 10.7 Dodging
 * Level 2.3 Shields
 - Level 3.2 Evocations


You had 12 spell levels left.
You didn't know any spells.
Your spell library was empty.

Dungeon Overview and Level Annotations

Branches:
Dungeon (14/15)            Temple (0/1) D:7            Lair (0/5) D:8
    Orc (0/2) D:12        Gauntlet (visited)
 Vaults: D:13-14

Altars:
Cheibriados
Dithmenos
Fedhas
Hepliaklqana
Makhleb
Nemelex Xobeh
Ru
Sif Muna
Trog
Wu Jian
Xom
Yredelemnul
The Shining One

Shops:
D:9 *   D:10 *

Portals:
Trove: D:11 (give 5 scrolls of butterflies)


Innate Abilities, Weirdness & Mutations

You have a pair of horns on your head.
You reflexively headbutt those who attack you in melee.


Message History

You hit the red ugly thing.
The red ugly thing is lightly wounded.
You feel yourself speed up. The +6 long sword hits you!!
You block the +4 long sword's attack. The +6 long sword hits you.
You block the red ugly thing's attack.
The red ugly thing basks in the mutagenic energy from its kin and changes!
You closely miss the cyan ugly thing.
The cyan ugly thing is lightly wounded.
You block the +4 long sword's attack. The +6 long sword hits you!!
The red ugly thing barely misses you. You furiously retaliate!
You headbutt the red ugly thing, but do no damage.
The +4 long sword hits you but does no damage.
You block the +6 long sword's attack.
The +4 long sword hits you but does no damage.
You block the +6 long sword's attack. You block the red ugly thing's attack.
You climb upwards.
There is a stone staircase leading down here.
You're still recovering from your berserk rage.
Your black bear goes berserk!
You block the +4 long sword's attack. You block the +6 long sword's attack.
You block the cyan ugly thing's attack. The +4 long sword hits you!!
* * * LOW HITPOINT WARNING * * *
You block the red ugly thing's attack.
The +6 long sword completely misses you.
You furiously retaliate!
You headbutt the +6 long sword!
Your skin crawls.
You feel strong-willed. The +4 long sword hits you!
* * * LOW HITPOINT WARNING * * *
The +6 long sword hits you but does no damage.
The cyan ugly thing closely misses you.
Your black bear bites the cyan ugly thing!
Your black bear barely misses the cyan ugly thing.
Your black bear claws the cyan ugly thing.
The red ugly thing kicks you!
* * * LOW HITPOINT WARNING * * *
You are engulfed in flames.
You resist.
* * * LOW HITPOINT WARNING * * *
The +4 long sword hits you!
You die...

#...........#
#..........^#
#........(..#
#.......<...#
###.##......#
###..©#......#
#...©........#
#.#©..#.(u...#
#.##.##u@(...#
#.......h....#
##...........#
#...........#
#...........#
#############


You could see 2 ugly things, 2 dancing weapons and a friendly black bear
(summoned, berserk).

Vanquished Creatures
  A minotaur (Gauntlet)
  A boulder beetle (D:12)
  2 hydras
  3 centaur warriors
  2 two-headed ogres
  3 sixfirhies (Gauntlet)
  2 large abominations (Gauntlet)
  3 ugly things
  A deep elf pyromancer (D:13)
  3 cyclopes (D:13)
  A manticore (D:14)
  2 gargoyles
  A kobold demonologist (D:12)
  An efreet (D:13)
  An unseen horror (D:11)
  A rime drake (shapeshifter) (D:11)
  A komodo dragon (D:10)
  3 trolls
  6 spriggans (D:8)
  2 wraiths
  3 flying skulls (Gauntlet)
  18 yaks
  3 shadows
  2 wyverns
  Grum (D:8)
  2 basilisks
  6 steam dragons
  6 vampire mosquitoes (D:10)
  4 water moccasins
  6 acid dragons
  A sky beast (D:7)
  2 ice beasts
  5 orc warriors
  An ogre (D:6)
  4 wolves (D:8)
  A phantom (D:3)
  6 centaurs
  5 kobold brigands
  5 small abominations (Gauntlet)
  3 bullfrogs
  A scorpion (D:6)
  A necrophage (D:5)
  8 wights
  2 troll zombies (D:12)
  24 killer bees
  An electric eel (D:9)
  5 howler monkeys
  A crimson imp (D:6)
  5 orc priests
  An iron imp (D:6)
  Crazy Yiuf (D:7)
  2 gnoll boudas
  A hound (D:5)
  5 iguanas
  Jessica (D:3)
  17 orc wizards
  4 ogre zombies (D:12)
  Robin (D:3)
  17 gnolls
  6 adders
  2 shadow imps
  3 white imps
  An ufetubus (D:4)
  3 worms
  2 dart slugs
  49 orcs
  5 endoplasms
  4 giant cockroaches
  7 goblins
  14 hobgoblins
  4 jackals (D:1)
  19 kobolds
  5 quokkas
  6 ball pythons
  5 bats
  4 frilled lizards
  2 goblin skeletons
  8 goblin zombies
  A hobgoblin skeleton (D:12)
  4 hobgoblin zombies
  A kobold skeleton (D:5)
  2 orc skeletons
  11 orc zombies
  8 rats
398 creatures vanquished.

Vanquished Creatures (collateral kills)
  A flying skull (Gauntlet)
1 creature vanquished.

Vanquished Creatures (others)
  3 kobolds (D:8)
  4 demonic plants (Gauntlet)
  8 fungi
  16 plants
  A withered plant (Gauntlet)
32 creatures vanquished.

Grand Total: 431 creatures vanquished

Notes
Turn   | Place    | Note
-------+----------+-------------------------------------------
     0 | D:1      | mallonox the Minotaur Berserker began the quest for the
                  | Orb.
     0 | D:1      | Reached XP level 1. HP: 19/19 MP: 0/0
    48 | D:1      | Reached skill level 4 in Fighting
   111 | D:1      | Reached XP level 2. HP: 13/27 MP: 1/1
   657 | D:1      | Found a faded altar of an unknown god.
   840 | D:1      | Reached ** piety under Trog
   841 | D:1      | Reached XP level 3. HP: 34/34 MP: 2/2
  2175 | D:3      | Noticed a phantom
  2186 | D:3      | Reached XP level 4. HP: 41/41 MP: 3/3
  2199 | D:3      | Killed a phantom
  2200 | D:3      | Reached skill level 5 in Fighting
  2200 | D:3      | Reached skill level 5 in Polearms
  2200 | D:3      | Reached XP level 5. HP: 37/48 MP: 4/4
  2264 | D:3      | Noticed Jessica
  2274 | D:3      | Killed Jessica
  2642 | D:3      | Noticed Robin
  2659 | D:3      | Killed Robin
  2814 | D:3      | Reached *** piety under Trog
  2901 | D:3      | Reached XP level 6. HP: 57/57 MP: 5/5
  3381 | D:4      | Reached skill level 6 in Fighting
  3975 | D:5      | Entered Level 5 of the Dungeon
  4028 | D:5      | Noticed a water moccasin
  4041 | D:5      | Killed a water moccasin
  4042 | D:5      | Reached XP level 7. HP: 46/64 MP: 6/6
  4233 | D:5      | Found a glowing golden altar of the Shining One.
  4657 | D:5      | Found a runed translucent door.
  5559 | D:5      | Reached **** piety under Trog
  5567 | D:5      | Reached skill level 7 in Fighting
  5598 | D:5      | Reached skill level 5 in Armour
  5678 | D:5      | Reached XP level 8. HP: 59/73 MP: 7/7
  5839 | D:6      | HP: 5/111 [shadow imp (5)]
  6028 | D:6      | Found a bloodstained altar of Trog.
  6087 | D:6      | Reached skill level 8 in Fighting
  6184 | D:6      | Found a snail-covered altar of Cheibriados.
  6511 | D:6      | Found a hazy altar of Hepliaklqana.
  6514 | D:6      | Found a shadowy altar of Dithmenos.
  6514 | D:6      | Found a basalt altar of Yredelemnul.
  6516 | D:6      | Found a shimmering altar of Xom.
  6516 | D:6      | Found a bloodstained altar of Trog.
  6516 | D:6      | Found a sparkling altar of Nemelex Xobeh.
  6885 | D:7      | Reached XP level 9. HP: 75/82 MP: 8/8
  6896 | D:7      | Reached skill level 10 in Polearms
  6904 | D:7      | Reached skill level 9 in Fighting
  6963 | D:7      | Found a runed translucent door.
  6964 | D:7      | Noticed Crazy Yiuf
  7493 | D:7      | Found a shimmering blue altar of Sif Muna.
  7519 | D:7      | Found a staircase to the Ecumenical Temple.
  7938 | D:7      | Reached skill level 10 in Fighting
  8181 | D:7      | Killed Crazy Yiuf
  8389 | D:8      | Reached skill level 5 in Dodging
  8392 | D:8      | Found a shadowy altar of Dithmenos.
  8450 | D:8      | Reached XP level 10. HP: 59/93 MP: 9/9
  8672 | D:8      | Reached ***** piety under Trog
  8868 | D:8      | Reached skill level 11 in Fighting
  8879 | D:8      | Noticed Grum
  8906 | D:8      | Killed Grum
  9098 | D:8      | Found a staircase to the Lair.
  9824 | D:9      | Found Jypysh's Assorted Antiques.
  9827 | D:9      | Bought a runed cloak for 225 gold pieces
  9827 | D:9      | Bought a runed scale mail for 210 gold pieces
  9909 | D:9      | Found a blossoming altar of Fedhas.
  9992 | D:9      | Reached XP level 11. HP: 94/102 MP: 10/10
 10002 | D:9      | Found a burning altar of Makhleb.
 10007 | D:9      | Reached skill level 1 in Evocations
 11057 | D:10     | Entered Level 10 of the Dungeon
 11256 | D:10     | Found Kapp's Overcharged Wands.
 11379 | D:10     | Found a large runed translucent door.
 11380 | D:10     | Found a large runed translucent door.
 11625 | D:10     | Found an ornate altar of the Wu Jian Council.
 11634 | D:10     | Reached skill level 12 in Fighting
 11640 | D:10     | Found a sacrificial altar of Ru.
 12344 | D:11     | Found a portal to a secret trove of treasure.
 12413 | D:11     | Noticed a two-headed ogre
 12422 | D:11     | Killed a two-headed ogre
 12610 | D:11     | Reached skill level 13 in Fighting
 12973 | D:12     | Noticed a seven-headed hydra
 12996 | D:11     | Killed a seven-headed hydra
 13033 | D:12     | Noticed a white ugly thing
 13064 | D:12     | Killed a white ugly thing
 13220 | D:12     | Identified the +11 dagger "Joasmy" {pain, rElec rF+ Dex-3}
 13272 | D:12     | Reached XP level 12. HP: 116/116 MP: 11/11
 13283 | D:12     | Found a staircase to the Orcish Mines.
 13477 | D:12     | Noticed a centaur warrior
 13511 | D:12     | Killed a centaur warrior
 13512 | D:12     | Reached skill level 14 in Fighting
 13607 | D:12     | Noticed a four-headed hydra
 13621 | D:12     | Killed a four-headed hydra
 13622 | D:12     | Reached skill level 10 in Dodging
 13715 | D:12     | Received a gift from Trog
 13954 | D:13     | Noticed a boulder beetle
 13979 | D:12     | Killed a boulder beetle
 14099 | D:13     | Found a transporter.
 14101 | D:13     | Found a transporter.
 14116 | D:13     | Found a transporter.
 14116 | D:13     | Found a transporter.
 14117 | D:13     | Found a gate leading to a gauntlet.
 14132 | Gauntlet | Entered a Gauntlet
 14132 | Gauntlet | Found a transporter.
 14132 | Gauntlet | Found a transporter.
 14144 | Gauntlet | Found a transporter.
 14145 | Gauntlet | Found a transporter.
 14148 | Gauntlet | Found a transporter.
 14148 | Gauntlet | Found a transporter.
 14151 | Gauntlet | Noticed a catoblepas
 14180 | Gauntlet | Found a runed translucent gate.
 14180 | Gauntlet | Found a runed translucent gate.
 14180 | Gauntlet | Found a runed translucent gate.
 14182 | Gauntlet | Found a transporter.
 14186 | Gauntlet | Found a transporter.
 14188 | Gauntlet | Noticed a death yak
 14188 | Gauntlet | Noticed a death yak
 14188 | Gauntlet | Noticed a death yak
 14188 | Gauntlet | Noticed a death yak
 14194 | Gauntlet | Found a transporter.
 14211 | Gauntlet | Found a transporter.
 14254 | Gauntlet | Found a transporter.
 14258 | Gauntlet | Found a transporter.
 14427 | Gauntlet | Reached skill level 10 in Armour
 14513 | Gauntlet | Reached skill level 15 in Fighting
 14563 | Gauntlet | Identified the +2 glaive of Nuoll {drain, *Slow rN+ Int+7}
 14563 | Gauntlet | Identified the ring "Owkets" {rF+ Will+ Str+2 Int+3}
 14563 | Gauntlet | Noticed a minotaur
 14578 | Gauntlet | Killed a minotaur
 14613 | Gauntlet | Identified the +0 leather armour of Death's Door {Dex+3}
 14622 | Gauntlet | Identified the +3 ring mail "Zaomef" {Fly Will+ Str+3}
 14622 | Gauntlet | Identified the +6 kite shield of Dogmatism {Contam rF+ rC+
                  | Will+ Dex+2}
 14622 | Gauntlet | Identified the +1 trident of Internal Strife {vorpal,
                  | Dex+8}
 14644 | D:13     | Noticed a two-headed ogre
 14656 | D:13     | Killed a two-headed ogre
 14711 | D:13     | Noticed a centaur warrior
 14721 | D:13     | Killed a centaur warrior
 14731 | D:13     | Found a transporter.
 14734 | D:13     | Found a transporter.
 14788 | D:13     | Noticed a centaur warrior
 14796 | D:13     | Killed a centaur warrior
 14797 | D:13     | Reached skill level 1 in Shields
 14944 | D:14     | Reached XP level 13. HP: 94/128 MP: 12/12
 14987 | D:13     | HP: 3/128 [red ugly thing (5)]
 14987 | D:13     | Mangled by a +4 long sword

Illustrated notes

Levels and vault maps discovered:
D:1:      beargit_arrival_greenhouse, layout_rooms,
          shapermc_ecumenical_altar_mp_urbaneastern, minmay_small_reverse_x
D:2:      layout_loops_corners, chequers_big_river
D:3:      minmay_razor_zed, layout_rooms, grunt_ministairs_13, uniq_robin,
          uniq_jessica
D:4:      layout_loops_ring, serial_co_window_serial, co_window_paths_b,
          co_window_paths_b, co_window_corner_a, co_window_of_opportunity_a,
          co_window_corner_a, co_window_cross_4, co_window_unsneaky_path_c,
          co_window_of_opportunity_c, co_window_paths_c, co_window_2corner,
          co_window_paths_d, co_window_4corner_b, glass_columns_a
D:5:      layout_gridville, nicolae_tso_besieged_by_evil,
          lightli_church_of_beogh
D:6:      layout_basic, mainiacjoe_overflow_catwalk, doesnt_xom_only_xom,
          chei_slow_surprise, minmay_fire_ice_demons
D:7:      layout_basic, lemuel_blue_sif_altar, temple_pool_b,
          uniq_crazy_yiuf_cottage
D:8:      kb_forest_paths, layout_cave_pools, nicolae_overflow_crystal_walls,
          dpeg_oklobed_lair, serial_co_window_serial, co_window_paths_a,
          co_window_paths_a, co_window_paths_a, co_window_corner_a,
          co_window_paths_a, co_window_corner_ca, co_window_of_opportunity_c,
          co_window_2corner, glass_columns_a, glass_columns_a, glass_columns_b,
          glass_columns_b, glass_columns_b, uniq_grum
D:9:      layout_layer_cave, fedhas_bush_and_centaur_altar, bloody_makhleb,
          serial_shops, kennysheep_mini, hive_lemuel
D:10:     layout_roguey, jmf_multi_god_temple2, nicolae_shop_overcharged_wands
D:11:     layout_loops_ring, nicolae_trove_entry_diagonal
D:12:     layout_rooms, zombieorc1_lemuel
D:13:     layout_cross, gauntlet_entry_generic, serial_nicolae_subway,
          nicolae_sub_station_stone, nicolae_sub_station_crystal,
          nicolae_sub_station_metal
D:14:     kennysheep_funnel, layout_basic, erik_vaults_1,
          nemelex_lonely_heart_becter, serial_shops, shop

Skill      XL: |  1  2  3  4  5  6  7  8  9 10 11 12 |
---------------+-------------------------------------+-----
Fighting       | 4 5 6 7 8 10 11 13 15 | 15.7
Polearms       | 4 5 6 8 9 11 14 | 14.0
Armour         | 3 4 5 6 7 8 11 | 11.7
Dodging        | 3 4 5 7 9 10 | 10.7
Evocations     | 3 |  3.2
Shields        | 2 |  2.3

Action                   |  1- 3 |  4- 6 |  7- 9 | 10-12 | 13-15 || total
-------------------------+-------+-------+-------+-------+-------++-------
Melee: Spear             |   109 |   157 |   288 |       |       ||   554
       Punch             |     1 |     1 |     4 |    11 |       ||    17
       Headbutt          |     9 |    16 |    57 |   159 |       ||   241
       Trident           |       |       |    74 |   865 |     9 ||   948
Invok: Berserk           |     1 |     2 |     5 |     9 |     1 ||    18
       Trog's Hand       |       |     2 |     2 |    10 |     1 ||    15
       Brothers in Arms  |       |       |       |     2 |     1 ||     3
  Use: Scroll            |       |       |     1 |     5 |       ||     6
Armor: Animal skin       |     2 |       |       |       |       ||     2
       Ring mail         |     9 |    16 |     8 |       |       ||    33
       Chain mail        |       |       |    32 |       |       ||    32
       Steam dragon scal |       |       |    27 |    77 |       ||   104
       Acid dragon scale |       |       |       |   117 |       ||   117
       Scale mail        |       |       |       |    67 |     6 ||    73
Dodge: Dodged            |    38 |    37 |   132 |   378 |     8 ||   593
Block: Kite shield       |       |       |       |    17 |    16 ||    33
